AoeStats
← colafantahunter

Oasis

508486069Analyzed
4v4 RM · 11d ago on Sep 22, 2026· 37m 35s· 8 players
Game mode
Random Map
Map size
Large (8 player)
Population
200
Speed
Normal
Resources
Standard
Victory
Conquest
Starting age
Dark Age
Ending age
Imperial Age
RankedLock teamsTeams togetherTeam positionsShared explorationLock speedFull tech treeHidden civsTurbo modeCheats
Victory
Defeat
🇬🇧 Varangians · United Kingdom
1115
+12
🇺🇸 Ethiopians · United States
1111
+12
🇧🇷 Bohemians · Brazil
1094
+13
🇹🇼 Danes · Taiwan
1081
+13
🇩🇪 Mapuche · Germany
1061
-14
🇷🇺 Byzantines · Russia
1021
-12
🇧🇪 Danes · Belgium
1019
-12
🇷🇺 Saxons · Russia
1004
-12
colafantahunter
11:38 Feudal Age
12:20 Horse Collar
12:27 Double-Bit Axe
14:53 Loom
15:56 Stone Mining
15:59 Gold Mining
18:52 Castle Age
22:37 Murder Holes
24:24 Masonry
25:52 Fletching
30:26 Bodkin Arrow
Wimvdm91
10:09 Feudal Age
11:04 Double-Bit Axe
18:32 Castle Age
17:06 Horse Collar
Andrey4ik Pudge
11:22 Feudal Age
16:43 Castle Age
17:08 Double-Bit Axe
PBILLOTTE
1:07 Loom
10:59 Feudal Age
16:16 Castle Age
Comrade Toad
4:41 Loom
10:44 Feudal Age
12:05 Double-Bit Axe
15:12 Castle Age
13:43 Horse Collar
15:22 Scale Barding Armor
16:07 Bow Saw
16:01 Heavy Plow
21:22 Bloodlines
21:43 Forging
22:17 Husbandry
23:16 Gold Mining
23:18 Stone Mining
25:25 Chain Barding Armor
27:48 Wheelbarrow
26:59 Town Watch
28:51 Vendel Legacy
33:21 Masonry
33:50 Iron Casting
37:51 Imperial Age
VAPO
5:44 Loom
13:28 Feudal Age
18:27 Castle Age
19:59 Double-Bit Axe
25:34 Wheelbarrow
29:28 Chemistry
31:57 Fletching
35:17 Imperial Age
35:28 Horse Collar
36:38 Hand Cart
小佑
7:23 Loom
9:56 Feudal Age
10:23 Double-Bit Axe
10:19 Horse Collar
10:32 Arson
10:50 Arson
19:16 Castle Age
17:31 Scale Mail Armor
17:41 Forging
20:03 Squires
19:52 Gambesons
20:55 Bow Saw
21:01 Heavy Plow
22:58 Wheelbarrow
22:10 Town Watch
23:32 Iron Casting
30:57 Imperial Age
28:22 Gold Mining
29:12 Chain Mail Armor
30:13 Gold Shaft Mining
30:33 Hand Cart
32:05 Conscription
31:25 Elite Varangian Guard
33:49 Blast Furnace
33:19 Plate Mail Armor
33:29 Plate Mail Armor
32:55 Hamask
34:31 Stone Mining
37:47 Stone Shaft Mining
37:37 Caravan
37:46 Husbandry
37:57 Bloodlines
38:10 Bloodlines
Lễ Hội
3:25 Loom
10:32 Feudal Age
11:23 Double-Bit Axe
14:34 Horse Collar
14:51 Fletching
21:26 Castle Age
23:27 Bodkin Arrow
23:33 Padded Archer Armor
23:27 Crossbowman
25:26 Leather Archer Armor
29:21 Gold Mining
Connection lost

Rejoining the realm…

Still unreachable

The connection could not be restored.

Session expired

The server has moved on; the page needs a fresh start.